Map: Ephemeron LE

Players

AiMiKiA

  • Race: Zerg Zerg
  • League: Diamond
  • Spawn Location: 11:00

KanyeZest - Winner!

  • Race: Protoss Protoss
  • Spawn Location: 5:00

VOD

Have the link to the VOD?

Description

Time

  • Played on: Aug. 26, 2019, 8:48 p.m.
  • Length: 7:14
Show
View Real Time Build Order
Export as new Build Order

AiMiKiA Zerg 

Build Orders: Hatch First 

Get SALT Encoding   

  12  0:01  Drone  
  13  0:13  Overlord  
  13  0:17  Drone  
  14  0:31  Drone x2  
  16  0:50  Hatchery  
  15  1:04  Spawning Pool  
  14  1:07  Drone  
  14  1:11  Drone  
  16  1:14  Extractor  
  16  1:17  Drone  
  16  1:22  Drone  
  17  1:31  Drone  
  18  1:40  Drone  
  19  1:50  Queen  
  19  1:51  Drone  
  22  2:01  Queen  
  22  2:03  Zergling x2  
  22  2:05  Drone  
  26  2:13  Overlord  
  26  2:16  Metabolic Boost  
  26  2:24  Drone  
  26  2:25  Drone  
  28  2:45  Drone  
  28  2:47  Drone  
  28  2:48  Hatchery  
  28  2:51  Drone  
  29  3:09  Drone x2  
  29  3:10  Drone x2  
  29  3:11  Overlord, Drone  
  34  3:14  Extractor  
  34  3:18  Evolution Chamber  
  31  3:22  Drone x2  
  33  3:27  Drone  
  33  3:28  Drone  
  33  3:33  Queen  
  37  3:39  Drone  
  38  3:43  Zerg Melee Weapons Level 1  
  38  3:44  Zergling x4  
  38  3:47  Drone  
  41  3:49  Drone  
  42  3:55  Queen  
  42  4:01  Queen  
  46  4:03  Zergling x2  
  46  4:09  Drone x2  
  49  4:10  Evolution Chamber  
  49  4:11  Drone  
  49  4:15  Drone  
  50  4:19  Overlord  
  50  4:23  Lair  
  50  4:36  Zerg Ground Armor Level 1  
  50  4:37  Drone x2  
  50  4:38  Drone x2  
  54  4:47  Zergling x2  
  55  4:53  Roach Warren  
  55  4:54  Extractor  
  55  4:56  Drone x4  
  55  4:57  Overlord, Drone  
  58  5:08  Baneling Nest  
  58  5:10  Extractor, Overlord x2, Drone  
  57  5:15  Queen  
  59  5:26  Drone x2, Zergling x4  
  59  5:27  Hydralisk Den, Drone x2  
  64  5:32  Overseer  
  64  5:34  Glial Reconstitution  
  64  5:35  Roach x2  
  68  5:37  Drone  
  68  5:48  Zergling x6  
  71  5:52  Zergling x2  
  71  5:55  Zergling x6  
  75  5:58  Overseer  
  75  5:59  Baneling x2  
  75  6:00  Baneling x2, Hydralisk x2  
  79  6:06  Hydralisk  
  81  6:16  Zergling x2  
  81  6:17  Overlord x2  
  82  6:34  Queen  
  82  6:39  Zergling x2, Hydralisk  
  75  6:40  Roach  
  75  6:44  Roach  
  75  6:45  Hydralisk  
  75  6:46  Hydralisk  
  78  6:47  Zergling x2  
  78  6:48  Zergling x16  
  78  6:51  Zergling x6  
Show
View Real Time Build Order
Export as new Build Order

KanyeZest Protoss - Winner!

Build Orders: 1 Gate Expand, Zealot Archon, Archon Drop 

Get SALT Encoding   

  12  0:01  Probe  
  13  0:13  Probe  
  14  0:19  Pylon  
  14  0:25  Probe  
  15  0:34  Probe  
  15  0:39  Gateway  
  15  0:42  Probe  
  16  0:48  Assimilator  
  17  0:52  Probe  
  19  1:04  Probe  
  19  1:16  Probe  
  20  1:26  Nexus  
  20  1:34  Cybernetics Core  
  20  1:37  Probe  
  21  1:43  Assimilator  
  21  1:47  Pylon  
  21  1:51  Probe  
  22  2:01  Adept  
  22  2:02  Probe  
  23  2:12  Probe  
  23  2:14  Warp Gate  
  25  2:20  Probe  
  26  2:25  Robotics Facility  
  27  2:31  Probe, Stalker  
  27  2:34  Probe  
  30  2:42  Probe  
  30  2:43  Probe  
  33  2:52  Probe  
  33  2:55  Probe  
  35  3:04  Probe  
  35  3:05  Sentry  
  38  3:07  Probe  
  38  3:12  Immortal  
  39  3:14  Gateway  
  39  3:18  Probe  
  39  3:19  Probe  
  45  3:30  Pylon  
  45  3:31  Probe  
  46  3:38  Pylon  
  46  3:44  Observer  
  46  3:48  Probe x2  
  49  3:55  Forge  
  49  3:58  Twilight Council  
  49  4:00  Immortal, Probe x2  
  51  4:04  Assimilator  
  51  4:06  Assimilator  
  51  4:08  Pylon, Protoss Ground Weapons Level 1  
  51  4:12  Probe x2  
  57  4:24  Probe x2  
  59  4:34  Charge  
  59  4:43  Immortal  
  63  4:49  Gateway  
  63  4:50  Gateway  
  63  4:52  Gateway  
  63  4:53  Gateway  
  63  4:58  Gateway  
  63  5:01  Gateway  
  63  5:11  Templar Archives  
  63  5:13  Sentry  
  65  5:19  Zealot  
  67  5:24  Pylon  
  67  5:25  Warp Prism, Pylon  
  67  5:26  Pylon  
  67  5:34  Pylon  
  69  5:48  High Templar x2  
  73  5:51  Zealot x4  
  73  5:52  Zealot  
  73  5:54  Zealot  
  73  5:56  Archon  
  85  6:21  High Templar x2  
  85  6:22  Zealot x6  
  101  6:26  Archon  
  101  6:30  Pylon  
  101  6:31  Pylon  
  98  6:52  Zealot x4, High Templar x2  
  98  6:53  Zealot x2  
  114  6:56  Archon  
  112  7:03  Pylon  
  112  7:04  Pylon  
Tags
 
Add a new tag
Caveats
  • Supply blocks, unpowered buildings, or Contaminate may cause inaccurate times.
  • Supply counts are checked every 10 seconds.